 Dungeon Crawl Stone Soup version 0.20-a0-959-gdc9e609 (webtiles) character file.

95 Alarkh the Skirmisher (level 4, 0/34 HPs)
             Began as a Demonspawn Skald on Apr 6, 2017.
             Slain by Sigmund
             ... wielding a +0 scythe
              (5 damage)
             ... on level 2 of the Dungeon.
             The game lasted 00:03:39 (2808 turns).

Alarkh the Skirmisher (Demonspawn Skald)            Turns: 2808, Time: 00:03:41

Health: 0/34       AC:  4    Str: 11    XL:     4   Next: 39%
Magic:  1/7        EV: 14    Int: 15    God:
Gold:   100        SH:  0    Dex: 13    Spells: 0/7 levels left

rFire    . . .     SeeInvis .   a - +0 hand axe
rCold    . . .     Gourm    .   (no shield)
rNeg     . . .     Faith    .   b - +0 leather armour
rPois    .         Spirit   .   j - +0 helmet
rElec    .         Reflect  .   (no cloak)
rCorr    .         Harm     .   (no gloves)
MR       .....                  (no boots)
Stlth    +.........             (no amulet)
Regen    0.2/turn               (no ring)
MPRegen  0.1/turn               (no ring)

@: infused, very slightly contaminated
A: repulsion field 1
a: no special abilities


You were on level 2 of the Dungeon.
You were very hungry.

You visited 1 branch of the dungeon, and saw 3 of its levels.

You collected 100 gold pieces.

Inventory:

Hand Weapons
 a - a +0 hand axe (weapon)
Armour
 b - a +0 leather armour (worn)
 g - a +0 scale mail
 j - a +0 helmet (worn)
Scrolls
 e - a scroll of noise {unknown}
 i - a scroll of remove curse {unknown}
Books
 c - a book of Battle

   Spells                             Type                      Level
   a - Infusion                       Charms                       1
   b - Shroud of Golubria             Charms/Translocation         2
   c - Song of Slaying                Charms                       2
   d - Spectral Weapon                Hexes/Charms                 3
   e - Regeneration                   Charms/Necromancy            3
Comestibles
 d - 2 bread rations
 f - 2 royal jellies
 h - a meat ration
 k - 3 fruits


   Skills:
 + Level 2.8 Fighting
 * Level 2.8 Axes
 + Level 2.1 Armour
 + Level 2.2 Dodging
 - Level 2.0 Spellcasting
 - Level 2.6 Charms


You couldn't memorise any spells.
You knew the following spells:

 Your Spells              Type           Power        Failure   Level  Hunger
a - Infusion              Chrm           #...         12%         1    #......
b - Regeneration          Chrm/Necr      #.........   61%         3    ###....
c - Spectral Weapon       Hex/Chrm       #.......     61%         3    ###....


Dungeon Overview and Level Annotations

Branches:
Dungeon (3/15)

Altars:

Annotations:
D:2 Sigmund


Innate Abilities, Weirdness & Mutations

You are surrounded by a mild repulsion field. (EV +2)


Message History

You hit Sigmund but do no damage.
Sigmund is severely wounded.
Sigmund barely misses you.
You hit Sigmund but do no damage.
Sigmund is severely wounded.
Sigmund barely misses you.
Casting: Spectral Weapon
Confirm with . or Enter, or press ? or * to list all spells.
You begin infusing your attacks with magical energy.
Unknown command.
You closely miss Sigmund.
Sigmund is severely wounded.
Sigmund hits you with a scythe!
* * * LOW HITPOINT WARNING * * *
You barely miss Sigmund.
Sigmund is severely wounded.
Sigmund gestures wildly while chanting.
Sigmund flickers and vanishes!
You hit something. Something hits you.
You die...

#.####.###.##
######.####.#.....
##+#.................
#....#.##.####.#.####
#...<#.##.#..#.#.#
#....#.##....#.#.#
#....#.##.>....#.#
#....#.##.##.###.#
#...@#.##........#
.......{#.#####.#####
#######.#.# #.# #.# #.#
#######.#.#####.########
#....<#.#.............).
#.#####.#######.#######.
#.# #.. .... #. #.#
###.# #.


There were no monsters in sight!

Vanquished Creatures
  Terence (D:2)
  Robin (D:3)
  An ooze (D:1)
  A dart slug (D:2)
  A leopard gecko (D:1)
  4 bats
  3 giant cockroaches
  13 goblins
  6 hobgoblins
  A quokka (D:1)
  4 frilled lizards
  4 kobolds
  8 rats
48 creatures vanquished.

Notes
Turn   | Place    | Note
-------+----------+-------------------------------------------
     0 | D:1      | Alarkh the Demonspawn Skald began the quest for the Orb.
     0 | D:1      | Reached XP level 1. HP: 16/16 MP: 3/3
     7 | D:1      | Reached skill level 1 in Armour
   117 | D:1      | Gained mutation: You are surrounded by a mild repulsion field. (EV +2) [demonic ancestry]
   117 | D:1      | Reached XP level 2. HP: 15/22 MP: 5/5
   790 | D:2      | Noticed Terence
   807 | D:2      | Killed Terence
   807 | D:2      | Reached XP level 3. HP: 14/28 MP: 1/6
  1254 | D:2      | Noticed Robin
  1286 | D:3      | Killed Robin
  1286 | D:3      | Reached XP level 4. HP: 8/34 MP: 1/7
  1832 | D:2      | Noticed Sigmund
  1842 | D:1      | Learned a level 3 spell: Regeneration
  1846 | D:1      | Learned a level 3 spell: Spectral Weapon
  1940 | D:2      | HP: 1/34 [Sigmund/scythe (4)]
  2808 | D:2      | Slain by Sigmund

Vault maps used:
D:1:      scummos_arrival_hexagon
D:2:      uniq_terence, uniq_robin, uniq_sigmund
D:3:      minitemple, first_bread

Skill      XL: |  1  2 |
---------------+-------+-----
Armour         | 1 2 |  2.1
Axes           | 2 |  2.8
Dodging        | 2 |  2.2
Fighting       | |  2.8
Spellcasting   | |  2.0
Charms         | |  2.6

Action                   |  1- 3 |  4- 6 || total
-------------------------+-------+-------++-------
Melee: Hand axe          |   125 |    77 ||   202
 Cast: Infusion          |     3 |     5 ||     8
       Spectral Weapon   |       |     2 ||     2
  Use: Potion            |     2 |       ||     2
  Eat: Chunk             |     1 |     4 ||     5
       Fruit             |       |     1 ||     1
Armor: Leather armour    |    22 |     5 ||    27
       Scale mail        |    17 |    12 ||    29
Dodge: Dodged            |   104 |    61 ||   165
